 Dungeon Crawl Stone Soup version 0.20.0-15-g7f486f2 (webtiles) character file.

271 Caiaphas the Cleaver (level 6, -1/51 HPs)
             Began as a Hill Orc Fighter on June 16, 2017.
             Was an Initiate of Makhleb.
             Slain by Vaeryne's ghost (3 damage)
             ... on level 3 of the Dungeon.
             The game lasted 00:03:29 (1796 turns).

Caiaphas the Cleaver (Hill Orc Fighter)             Turns: 1796, Time: 00:03:29

Health: -1/51      AC:  8    Str: 21    XL:     6   Next: 23%
Magic:  6/6        EV:  7    Int:  8    God:    Makhleb [......]
Gold:   99         SH:  9    Dex: 10    Spells: 5/5 levels left

rFire    . . .     SeeInvis .   a - +0 war axe
rCold    . . .     Gourm    .   c - +0 shield
rNeg     . . .     Faith    .   b - +0 scale mail
rPois    .         Spirit   .   (no helmet)
rElec    .         Reflect  .   (no cloak)
rCorr    .         Harm     +   (no gloves)
MR       .....                  r - +0 pair of boots
Stlth    ..........             o - amulet of harm
Regen    0.2/turn               (no ring)
MPRegen  0.1/turn               (no ring)

@: no status effects
A: no striking features
a: Renounce Religion


You were on level 3 of the Dungeon.
You worshipped Makhleb.
Makhleb was noncommittal.
You were not hungry.

You visited 1 branch of the dungeon, and saw 3 of its levels.

You collected 99 gold pieces.

Inventory:

Hand Weapons
 a - a +0 war axe (weapon)
Armour
 b - a +0 scale mail (worn)
 c - a +0 shield (worn)
 r - a +0 pair of boots (worn)
Jewellery
 o - an amulet of harm (around neck)
Scrolls
 g - 2 scrolls of enchant weapon {unknown}
 h - 6 scrolls of identify {unknown}
 i - a scroll of magic mapping {unknown}
 k - 4 scrolls of remove curse {unknown}
 l - 2 scrolls of noise {unknown}
 n - a scroll of enchant armour {unknown}
 w - a scroll of fear {unknown}
Potions
 d - a potion of haste {unknown}
 e - a potion of magic {unknown}
 p - a potion of curing {unknown}
 q - a potion of agility {unknown}
 t - a potion of brilliance {unknown}
 u - a potion of heal wounds {unknown}
Comestibles
 f - 3 bread rations
 j - a fruit
 m - 3 meat rations
 s - a royal jelly
 v - 7 chunks of flesh


   Skills:
 - Level 3.6 Fighting
 + Level 8.4 Axes
 - Level 3.2 Armour
 - Level 3.2 Shields


You had 5 spell levels left.
You didn't know any spells.

Dungeon Overview and Level Annotations

Branches:
Dungeon (3/15)

Altars:
Makhleb

Annotations:
D:3 Vaeryne's ghost, amateur HOFi


Message History

Vaeryne's ghost hits you!
You barely miss Vaeryne's ghost.
Vaeryne's ghost hits you but does no damage.
You closely miss Vaeryne's ghost. Vaeryne's ghost hits you!
You slash Vaeryne's ghost!
Vaeryne's ghost is heavily damaged.
Vaeryne's ghost hits you!
* * * LOW HITPOINT WARNING * * *
You slash Vaeryne's ghost!
Vaeryne's ghost is severely damaged.
Vaeryne's ghost hits you.
* * * LOW HITPOINT WARNING * * *
You barely miss Vaeryne's ghost.
Vaeryne's ghost is severely damaged.
Vaeryne's ghost barely misses you.
A leopard gecko comes into view.
Your shield prevents you from hitting Vaeryne's ghost.
Vaeryne's ghost is severely damaged.
You block Vaeryne's ghost's attack. Vaeryne's ghost hits you.
You die...

#...# #.. #...# #.# ####.
##...#####.# #######..(..
........##.# #...........
.........#.# #...........
###.####.#.###...........
#.....##...l.............
.......#.#.###....W......
.......#.........@.....!.
..._.....#.##....$......#
.......#!#?##............
?....).#.#.##.#.####....#
#.....##...##..<.. ...##
###.####%.......### #.#
...... ......... .#
##..... ........# #
##..... .......#


You could see Vaeryne's ghost and a leopard gecko.

Vanquished Creatures
  Sigmund (D:2)
  A howler monkey (D:3)
  3 adders (D:3)
  2 dart slugs
  2 leopard geckos (D:1)
  An orc (D:3)
  A giant cockroach (D:3)
  5 goblins
  4 hobgoblins
  4 jackals (D:1)
  7 kobolds
  5 bats
  6 frilled lizards
  5 rats
47 creatures vanquished.

Notes
Turn   | Place    | Note
-------+----------+-------------------------------------------
     0 | D:1      | Caiaphas the Hill Orc Fighter began the quest for the Orb.
     0 | D:1      | Reached XP level 1. HP: 19/19 MP: 1/1
    66 | D:1      | Reached skill level 3 in Axes
   141 | D:1      | Reached XP level 2. HP: 24/26 MP: 2/2
   214 | D:1      | Reached skill level 4 in Axes
   458 | D:1      | Reached XP level 3. HP: 31/31 MP: 3/3
   863 | D:2      | Noticed Sigmund
   868 | D:2      | Killed Sigmund
   868 | D:2      | Reached skill level 7 in Axes
   868 | D:2      | Reached XP level 4. HP: 16/39 MP: 4/4
   868 | D:2      | Reached XP level 5. HP: 19/45 MP: 5/5
  1731 | D:3      | Found a burning altar of Makhleb.
  1749 | D:3      | Became a worshipper of Makhleb the Destroyer
  1774 | D:3      | Reached skill level 8 in Axes
  1774 | D:3      | Reached XP level 6. HP: 46/51 MP: 6/6
  1786 | D:3      | Noticed Vaeryne's ghost (amateur HOFi)
  1794 | D:3      | HP: 2/51 [Vaeryne's ghost (4)]
  1796 | D:3      | Slain by Vaeryne's ghost

Skill      XL: |  1  2  3  4  5 |
---------------+----------------+-----
Axes           | 3 4 7 8 |  8.4
Fighting       | |  3.6
Armour         | |  3.2
Shields        | |  3.2

Action                   |  1- 3 |  4- 6 || total
-------------------------+-------+-------++-------
Melee: War axe           |    69 |    72 ||   141
  Use: Potion            |     1 |       ||     1
  Eat: Chunk             |       |     3 ||     3
Armor: Scale mail        |    29 |    33 ||    62
Dodge: Dodged            |    25 |    19 ||    44
Block: Shield            |    34 |    28 ||    62
